 Dungeon Crawl Stone Soup version 0.30-a0-802-gb92711bcdf (webtiles) character file.

Game seed: 15937564032672157149

101 cforsyth the Sneak (level 5, 0/32 HPs)
             Began as a Kobold Brigand on Feb 24, 2023.
             Slain by an orc wizard
             ... wielding a +0 dagger
              (1 damage)
             ... on level 3 of the Dungeon.
             The game lasted 00:02:24 (2032 turns).

cforsyth the Sneak (Kobold Brigand)                 Turns: 2032, Time: 00:02:25

Health: 0/32       AC:  3    Str:  8    XL:     5   Next: 4%
Magic:  5/5        EV: 15    Int: 12    God:
Gold:   136        SH:  0    Dex: 19    Spells: 4/4 levels left

rFire   . . .      SeeInvis .    a - +2 dagger
rCold   . . .      Faith    .    (no shield)
rNeg    . . .      Spirit   .    b - +0 robe
rPois   .          Reflect  .    (no helmet)
rElec   .          Harm     .    c - +0 cloak
rCorr   .          Rampage  .    (no gloves)
Will    .....                    (no boots)
Stlth   +++++                    (no amulet)
HPRegen 0.25/turn                (no ring)
MPRegen 0.09/turn                (no ring)

@: no status effects
A: small, no large weapons, nightstalker 3
a: no special abilities


You were on level 3 of the Dungeon.
You visited 1 branch of the dungeon, and saw 3 of its levels.

You collected 136 gold pieces.

Inventory:

Hand Weapons
 a - a +2 dagger (weapon)
Missiles
 d - 17 poisoned darts (quivered)
 e - 3 curare-tipped darts
 s - 6 atropa-tipped darts
Armour
 b - a +0 robe (worn)
 c - a +0 cloak (worn)
Jewellery
 f - an amulet of regeneration
Scrolls
 h - 3 scrolls of immolation {unknown}
 i - a scroll of silence {unknown}
 m - 6 scrolls of identify {unknown}
 n - 3 scrolls of teleportation {unknown}
 q - a scroll of fog {unknown}
 r - a scroll of magic mapping {unknown}
Potions
 g - a potion of degeneration {unknown}
 j - 2 potions of attraction {unknown}
 k - 2 potions of invisibility {unknown}
 l - a potion of magic {unknown}
 o - a potion of mutation {unknown}
 p - a potion of brilliance {unknown}


   Skills:
 + Level 3.2 Fighting
 + Level 3.9 Short Blades
 - Level 2.1 Throwing
 + Level 2.7 Dodging
 + Level 6.2 Stealth


You had 4 spell levels left.
You didn't know any spells.
Your spell library contained the following spells:

 Spells                   Type           Power      Damage    Failure   Level
 Apportation              Tloc           0%         N/A       32%         1
 Necrotise                Necr           0%         1d4       32%         1
 Summon Small Mammal      Summ           0%         N/A       32%         1
 Dazzling Flash           Conj/Hex       0%         N/A       69%         3
 Agony                    Necr           0%         N/A       100%        5
 Silence                  Hex/Air        0%         N/A       100%        5


Dungeon Overview and Level Annotations

Branches:
Dungeon (3/15)

Altars:
Qazlal


Innate Abilities, Weirdness & Mutations

You are small and have problems with some larger weapons.
You are completely attuned to the shadows.


Message History

You are too injured to fight recklessly!
The orc attacks as you move away! The orc misses you.
The orc wizard attacks as you move away!
The orc wizard barely misses you. The orc attacks as you move away!
The orc misses you. The endoplasm attacks as you move away!
The endoplasm closely misses you.
The orc wizard gestures wildly while chanting.
The orc wizard flickers and vanishes!
Deactivating autopickup; reactivate with Ctrl-A.
You hit the endoplasm but do no damage. The endoplasm closely misses you.
You hit the endoplasm.
The endoplasm is heavily wounded.
The endoplasm freezes you.
You are frozen.
You barely miss the endoplasm.
The endoplasm is heavily wounded.
The endoplasm freezes you.
You are frozen.
* * * LOW HITPOINT WARNING * * *
You hit the endoplasm.
You kill the endoplasm!
You barely miss the orc.
Unknown command.
You hit the orc.
The orc is heavily wounded.
You closely miss something. The orc closely misses you.
You closely miss the orc.
The orc is moderately wounded.
Something closely misses you. The orc barely misses you.
You barely miss the orc.
The orc is moderately wounded.
Something hits you but does no damage. The orc hits you with a +0 mace.
* * * LOW HITPOINT WARNING * * *
Something hits you.
* * * LOW HITPOINT WARNING * * *
Something hits you but does no damage. Something hits you.
* * * LOW HITPOINT WARNING * * *
Something hits you.
You die...

......##
#..............#
.....#.#####
#.############.#
.....#.....###.##..
.......#
.....#.............
.####..#
...)...###.........
.......#
....o.............#
.####..#
####o#.###........# #.#
##..# #.#.####†##.##.#
#.###.#.#
...........oo.@.#
#.##.###.#
###..###...#.##.#
#.#.## #.#
#..##......##.# #..##
#. ............##.#
#.#†#
##..##.#...###.###.##.#
#......##.#.
#.###..##..# #.#
#..##..# #.###..##..#


You could see 2 orcs.

Vanquished Creatures
  A hound (D:3)
  2 adders (D:3)
  A dart slug (D:2)
  An orc (D:3)
  3 ball pythons
  5 endoplasms
  5 goblins
  5 hobgoblins
  4 quokkas
  12 bats
  A frilled lizard (D:2)
  3 kobolds
  5 rats
48 creatures vanquished.

Notes
Turn   | Place    | Note
-------+----------+-------------------------------------------
     0 | D:1      | cforsyth the Kobold Brigand began the quest for the Orb.
     0 | D:1      | Reached XP level 1. HP: 12/12 MP: 1/1
   249 | D:1      | Reached XP level 2. HP: 18/18 MP: 2/2
   538 | D:1      | Found a faded altar of an unknown god.
   596 | D:1      | Reached XP level 3. HP: 20/22 MP: 3/3
  1303 | D:2      | Found a stormy altar of Qazlal.
  1858 | D:3      | Reached skill level 6 in Stealth
  1858 | D:3      | Reached XP level 4. HP: 20/27 MP: 4/4
  1991 | D:3      | Reached XP level 5. HP: 32/32 MP: 5/5
  2021 | D:3      | HP: 1/32 [orc/+0 mace (6)]
  2028 | D:3      | HP: 1/32 [something (2)]
  2032 | D:3      | Slain by an orc wizard

Illustrated notes

Levels and vault maps discovered:
D:1:      moated_graveyard_arrival, layout_basic,
          hellmonk_ecumenical_altar_zigzags
D:2:      layout_loops_ring, basic_altar, st_stairs_13
D:3:      layout_loops_ring, biasface_ghost_orc_armoury, uniq_ijyb

Skill      XL: |  1  2  3  4 |
---------------+-------------+-----
Short Blades   | 3 |  3.9
Dodging        | 2 |  2.7
Stealth        | 6 |  6.2
Fighting       | 3 |  3.2
Throwing       | |  2.1

Action                     |  1- 3 |  4- 6 || total
---------------------------+-------+-------++-------
  Melee: Dagger            |    89 |    30 ||   119
   Stab: Sleeping          |    19 |     4 ||    23
 Armour: Robe              |    25 |     5 ||    30
  Dodge: Dodged            |    58 |    22 ||    80

Table legend: (Time is in decaauts)
 A = Elapsed time spent in this place.
 B = Non-inter-level travel time spent in this place.
 C = Inter-level travel time spent in this place.
 D = Time resting spent in this place.
 E = Time spent auto-exploring this place.
 F = Levels seen in this place.
 G = Mean time per level.
                   A        B        C        D        E       F      G
               +--------+--------+--------+--------+--------+-----+--------+
         Total |   2012 |   1961 |     51 |      0 |   1677 |   3 |  670.7 |
       Dungeon |   2012 |   1961 |     51 |      0 |   1677 |   3 |  670.7 |
               +--------+--------+--------+--------+--------+-----+--------+

Top non-repeatable levels by time:
     D:1: 989 daAuts
     D:2: 835 daAuts
     D:3: 186 daAuts
